 Dungeon Crawl Stone Soup version 0.29-a0-870-g2c972031a6 (webtiles) character file.

Game seed: 5856591761936129763

2313 jlumianski the Chiller (level 9, -4/53 HPs)
             Began as a Demonspawn Ice Elementalist on July 18, 2022.
             Was a Follower of Hepliaklqana.
             Slain by Duvessa
             ... wielding a +0 rapier
              (16 damage)
             ... on level 6 of the Dungeon.
             The game lasted 00:48:34 (9264 turns).

jlumianski the Chiller (DsIE)                       Turns: 9264, Time: 00:48:35

Health: -4/53      AC: 15    Str:  9    XL:     9   Next: 18%
Magic:  13/19      EV: 12    Int: 21    God:    Hepliaklqana [*.....]
Gold:   305        SH:  8    Dex: 13    Spells: 14/21 levels left

rFire   . . .      SeeInvis .     - Unarmed
rCold   . . .      Faith    .   (no shield)
rNeg    . . .      Spirit   .   j - +0 leather armour
rPois   .          Reflect  .   g - +1 helmet
rElec   .          Harm     .   (no cloak)
rCorr   .          Rampage  .   (gloves unavailable)
Will    .....                   f - +0 pair of boots
Stlth   ++........              (no amulet)
HPRegen 0.17/turn               y - ring of wizardry
MPRegen 0.16/turn               (no ring)

@: ice-armoured, freezing walls
A: reduced essence, claws 3, large bone plates 1, foul stench 1, icemail 1,
condensation shield
a: Renounce Religion, Recall Ancestor, Ancestor Identity


You were on level 6 of the Dungeon.
You worshipped Hepliaklqana.
Hepliaklqana was aware of your devotion.
You visited 2 branches of the dungeon, and saw 8 of its levels.

You collected 305 gold pieces.

Inventory:

Hand Weapons
 v - a +1 vampiric falchion
 B - a +2 short sword of speed
 F - a +0 whip of freezing
Missiles
 c - 49 stones
 k - 10 poisoned darts
 o - 2 boomerangs (quivered)
 r - a throwing net
 J - 3 atropa-tipped darts
Armour
 a - a +1 robe
 f - a +0 pair of boots (worn)
 g - a +1 helmet (worn)
 i - a +0 buckler
 j - a +0 leather armour (worn)
 H - a +0 leather armour
Magical Staves
 A - a staff of poison
Jewellery
 y - a ring of wizardry (left claw)
Wands
 l - a wand of roots (15)
 u - a wand of charming (7)
 D - a wand of flame (24)
 I - a wand of mindburst (15)
Scrolls
 n - a scroll of amnesia
 s - 3 scrolls of fear
Potions
 b - a potion of magic
 d - a potion of brilliance
 e - 2 potions of curing
 h - 2 potions of haste
 m - a potion of flight
 p - 3 potions of might
 q - a potion of ambrosia
 w - a potion of heal wounds
 x - a potion of invisibility {unknown}
 E - a potion of lignification


   Skills:
 + Level 1.0 Fighting
 + Level 1.4 Throwing
 + Level 0.2 Armour
 + Level 3.0 Dodging
 + Level 3.1 Stealth
 + Level 1.9 Shields
 + Level 3.4 Unarmed Combat
 + Level 6.7 Spellcasting
 + Level 7.0 Ice Magic
 * Level 2.4 Invocations
 * Level 3.0 Evocations


You had 14 spell levels left.
You knew the following spells:

 Your Spells              Type           Power      Damage    Failure   Level
a - Freeze                Ice            100%       1d11      1%          1
b - Frozen Ramparts       Ice            72%        1d9       1%          3
c - Ozocubu's Armour      Ice            36%        N/A       1%          3

Your spell library contained the following spells:

 Spells                   Type           Power      Damage    Failure   Level
 Hailstorm                Conj/Ice       21%        3d6       12%         4
 Conjure Flame            Conj/Fire      7%         6-21      16%         3
 Dazzling Flash           Conj/Hex       14%        N/A       16%         3
 Gell's Gravitas          Tloc           7%         N/A       16%         3
 Ignite Poison            Fire/Tmut/Pois 7%         N/A       16%         3
 Teleport Other           Tloc           7%         N/A       16%         3
 Fulminant Prism          Conj/Hex       3%         3d6       43%         4
 Iskenderun's Mystic Bla  Conj/Tloc      7%         2d4       43%         4
 Olgreb's Toxic Radiance  Pois           7%         N/A       43%         4
 Sticky Flame             Conj/Fire      7%         2d3       43%         4
 Agony                    Necr           7%         N/A       77%         5
 Lee's Rapid Deconstruct  Erth           3%         3d6*      77%         5
 Silence                  Hex/Air        3%         N/A       77%         5
 Ozocubu's Refrigeration  Ice            18%        4d8       91%         7
 Dispersal                Tloc           3%         N/A       99%         6
 Ignition                 Fire           3%         3d4       100%        8


Dungeon Overview and Level Annotations

Branches:
Dungeon (7/15)             Temple (1/1) D:5

Altars:
Ashenzari
Cheibriados
Fedhas
Hepliaklqana
Kikubaaqudgha
Makhleb
Qazlal
Ru
Trog
Wu Jian

Shops:
D:3 (

Annotations:
D:6 Duvessa
D:7 Joseph


Innate Abilities, Weirdness & Mutations

Your life essence is reduced to manifest your ancestor. (-10% HP)
You have claws for hands.
You are partially covered in large bone plates. (SH +4)
You may rarely emit foul miasma when damaged in melee.
A meltable icy envelope protects you from harm. (AC +4)
A meltable shield of frost defends you. (SH +4)


Message History

Joseph breaks down the door.
Joseph shoots a sling bullet.
The sling bullet hits you but does no damage.
Duvessa goes berserk!
Things that are here:
a +0 short sword; a +0 club; a kobold skeleton Duvessa hits you with a +0 rapier!
Duvessa attacks as you move away! Duvessa completely misses you.
Duvessa hits you with a +0 rapier. Duvessa hits you but does no damage.
There is a stone staircase leading up here.
Duvessa hits you with a +0 rapier!
You climb upwards.
There is a stone staircase leading down here.
Casting: Ozocubu's Armour (safe; 1% risk of failure)
Confirm with . or Enter, or press ? or * to list all spells.
Casting: Frozen Ramparts (safe; 1% risk of failure)
Press: ? - help, Dir - look around, f - activate A stone staircase leading down.
The walls around you are covered in ice.
Duvessa resists.
The wall freezes Duvessa.
Duvessa completely misses you.
Duvessa completely resists.
The wall freezes Duvessa but does no damage.
Duvessa closely misses you.
Casting: Frozen Ramparts (safe; 1% risk of failure)
Confirm with . or Enter, or press ? or * to list all spells.
A film of ice covers your body!
Arsinoe emerges from the mists of memory!
Duvessa completely resists.
The wall freezes Duvessa but does no damage.
Duvessa hits you with a +0 rapier!
* * * LOW HITPOINT WARNING * * *
You scratch Duvessa but do no damage.
Duvessa resists.
The wall freezes Duvessa.
You block Duvessa's attack.
Duvessa resists.
The wall freezes Duvessa.
Duvessa barely misses you.
You scratch Duvessa but do no damage.
Duvessa is lightly wounded.
Arsinoe hits Duvessa but does no damage.
Duvessa resists.
The wall freezes Duvessa.
Duvessa hits you with a +0 rapier!
You die...

....##################.#.#
....#'#'#..............#.#
............#...########.#
.......>....+............#
##..........#....#########
#.....)....##...#####
##.......##..).......#
.........##'###Re##.##
.........#...##[@##.#
......####...######.#
......# #...# #.# ......#
#...# #.# ####### #...#
#.# #...# #.# ########...#
#.# #..........# #.#
#.########## #.#


You could see the friendly Arsinoe the ancestor and Duvessa (berserk, ally
target).

Vanquished Creatures
  Pikel (D:4)
  A hornet (D:7)
  Menkaure (D:5)
  2 water moccasins
  An orc warrior (D:6)
  A phantom (D:5)
  3 lemures
  Blork the orc (D:4)
  A bullfrog (D:7)
  A necrophage (D:6)
  A scorpion (D:5)
  4 hounds
  An orc priest (D:6)
  A gnoll bouda (D:6)
  Ijyb (D:5)
  An iguana (D:6)
  Natasha (thrice) (D:2)
  7 gnolls
  3 adders
  3 dart slugs (D:1)
  9 orcs
  3 ball pythons
  3 bats
  2 endoplasms
  5 goblins
  8 hobgoblins
  8 kobolds
  3 quokkas
  A frilled lizard (D:1)
  6 rats
  A spectral kobold (D:1)
87 creatures vanquished.

Vanquished Creatures (collateral kills)
  2 ogres (D:6)
  A kobold brigand (D:7)
  A scorpion (D:6)
  Dowan (D:7)
  An orc priest (D:6)
  A hound (D:6)
  An iguana (D:6)
  An adder (D:6)
  2 white imps
  3 orcs (D:6)
  2 rat zombies (D:6)
16 creatures vanquished.

Vanquished Creatures (others)
  3 ancestors (D:7)
3 creatures vanquished.

Grand Total: 106 creatures vanquished

Notes
Turn   | Place    | Note
-------+----------+-------------------------------------------
     0 | D:1      | jlumianski the Demonspawn Ice Elementalist began the quest
                  | for the Orb.
     0 | D:1      | Reached XP level 1. HP: 13/13 MP: 3/3
   271 | D:1      | Gained mutation: You have sharp fingernails. [demonic
                  | ancestry]
   271 | D:1      | Reached XP level 2. HP: 13/19 MP: 0/5
   368 | D:1      | Found a faded altar of an unknown god.
   383 | D:1      | Reached skill level 4 in Ice Magic
  1529 | D:2      | Reached XP level 3. HP: 23/24 MP: 4/6
  1533 | D:2      | Learned a level 3 spell: Frozen Ramparts
  1537 | D:2      | Learned a level 3 spell: Ozocubu's Armour
  1557 | D:2      | Noticed Natasha
  1571 | D:2      | Killed Natasha
  1888 | D:2      | Noticed Natasha
  2325 | D:2      | Killed Natasha
  2326 | D:2      | Gained mutation: You may rarely emit foul miasma when
                  | damaged in melee. [demonic ancestry]
  2326 | D:2      | Reached XP level 4. HP: 30/30 MP: 4/8
  2448 | D:2      | Noticed Natasha
  2463 | D:2      | Killed Natasha
  2853 | D:3      | Reached skill level 1 in Unarmed Combat
  3111 | D:3      | Found Fupov's Weapon Emporium.
  3789 | D:3      | Gained mutation: A meltable shield of frost defends you.
                  | (SH +4) [demonic ancestry]
  3789 | D:3      | Reached XP level 5. HP: 35/35 MP: 5/10
  4394 | D:4      | Noticed Blork the orc
  4410 | D:4      | Killed Blork the orc
  4857 | D:5      | Entered Level 5 of the Dungeon
  5083 | D:5      | Noticed Menkaure
  5151 | D:5      | Gained mutation: You are partially covered in large bone
                  | plates. (SH +4) [demonic ancestry]
  5151 | D:5      | Reached XP level 6. HP: 41/42 MP: 8/12
  5201 | D:5      | Killed Menkaure
  5202 | D:5      | Reached skill level 5 in Ice Magic
  5397 | D:5      | Noticed a water moccasin
  5416 | D:5      | Found a staircase to the Ecumenical Temple.
  5423 | Temple   | Entered the Ecumenical Temple
  5559 | Temple   | Became a worshipper of Hepliaklqana the Forgotten
  5745 | D:5      | Noticed Ijyb
  5810 | D:5      | Killed Ijyb
  6119 | D:5      | Found an ornate altar of the Wu Jian Council.
  6138 | D:5      | Killed a water moccasin
  6139 | D:5      | Reached skill level 5 in Spellcasting
  6139 | D:5      | Gained mutation: A meltable icy envelope protects you from
                  | harm. (AC +4) [demonic ancestry]
  6139 | D:5      | Reached XP level 7. HP: 47/47 MP: 6/14
  6294 | D:5      | Reached skill level 1 in Throwing
  6316 | D:5      | Reached * piety under Hepliaklqana
  6405 | D:5      | Noticed Pikel
  6475 | D:4      | Killed Pikel
  6476 | D:4      | Reached skill level 1 in Shields
  6476 | D:4      | Reached skill level 6 in Ice Magic
  6476 | D:4      | Gained mutation: You have very sharp fingernails. [demonic
                  | ancestry]
  6476 | D:4      | Reached XP level 8. HP: 33/47 MP: 9/16
  6811 | D:5      | Reached skill level 1 in Evocations
  7185 | D:6      | Reached skill level 1 in Fighting
  7761 | D:6      | Reached skill level 1 in Invocations
  8003 | D:6      | Found an ancient bone altar of Kikubaaqudgha.
  8589 | D:7      | Found a bloodstained altar of Trog.
  8928 | D:7      | Gained mutation: You have claws for hands. [demonic
                  | ancestry]
  8928 | D:7      | Reached XP level 9. HP: 39/53 MP: 14/18
  9110 | D:7      | Noticed Duvessa
  9111 | D:7      | Noticed Joseph
  9149 | D:7      | Noticed Dowan
  9154 | D:7      | Killed Dowan
  9223 | D:7      | Reached skill level 7 in Ice Magic
  9264 | D:6      | Slain by Duvessa

Illustrated notes

Levels and vault maps discovered:
D:1:      zaba_arrival_water, layout_basic,
          dreamdust_ecumenical_altar_drowned_temple
D:2:      layout_loops_cross, kennysheep_nondescript, kennysheep_path_1,
          minmay_misc_feat_square, grunt_ministairs_2, serial_park_tiny_pond,
          kennysheep_donut, uniq_natasha
D:3:      layout_basic, serial_shops, shop
D:4:      layout_cave_pools, uniq_blork_the_orc
D:5:      layout_layer_cave, marbit_many_paths, minmay_temple_entry_wispy,
          uniq_menkaure, uniq_pikel, uniq_ijyb
D:6:      layout_basic, lemuel_zombie_altar_kikubaaqudgha
D:7:      gammafunk_steamed_eel, layout_gridville, lemuel_tele_altar,
          dilly_guarded_unrand_devastator, uniq_joseph, uniq_duvessa,
          uniq_crazy_yiuf_cottage, uniq_maggie
Temple:   nicolae_temple_figure_eight

Skill      XL: |  1  2  3  4  5  6  7  8  9 |
---------------+----------------------------+-----
Ice Magic      | 4 5 6 7 |  7.0
Dodging        | 2 3 |  3.0
Spellcasting   | 3 4 5 6 |  6.7
Unarmed Combat | 1 2 3 |  3.4
Stealth        | 2 3 |  3.1
Throwing       | 1 |  1.4
Shields        | 1 |  1.9
Evocations     | 2 3 |  3.0
Fighting       | 1 |  1.0
Invocations    | 1 2 |  2.4
Armour         | |  0.2

Action                   |  1- 3 |  4- 6 |  7- 9 || total
-------------------------+-------+-------+-------++-------
Melee: Unarmed           |    35 |    41 |    81 ||   157
       Punch             |     1 |     1 |     2 ||     4
Throw: Dart              |     3 |       |       ||     3
       Boomerang         |       |     7 |    21 ||    28
 Cast: Freeze            |    30 |     1 |       ||    31
       Frozen Ramparts   |     6 |    25 |    32 ||    63
       Ozocubu's Armour  |       |     8 |     8 ||    16
Invok: Recall Ancestor   |       |       |     1 ||     1
Evoke: Wand              |       |     3 |     2 ||     5
  Use: Scroll            |     3 |     4 |     9 ||    16
       Potion            |     1 |     1 |       ||     2
 Stab: Sleeping          |       |     1 |       ||     1
Armor: Robe              |     9 |    15 |    15 ||    39
       Leather armour    |       |       |    19 ||    19
Dodge: Dodged            |    29 |    24 |    49 ||   102
Block: Other             |       |     8 |    30 ||    38

Table legend: (Time is in decaauts)
 A = Elapsed time spent in this place.
 B = Non-inter-level travel time spent in this place.
 C = Inter-level travel time spent in this place.
 D = Time resting spent in this place.
 E = Time spent auto-exploring this place.
 F = Levels seen in this place.
 G = Mean time per level.
                   A        B        C        D        E       F      G
               +--------+--------+--------+--------+--------+-----+--------+
         Total |   9301 |   9104 |    197 |   1016 |   5702 |   8 | 1162.6 |
       Dungeon |   9152 |   8955 |    197 |   1016 |   5595 |   7 | 1307.4 |
        Temple |    148 |    148 |      0 |      0 |    107 |   1 |  148.0 |
               +--------+--------+--------+--------+--------+-----+--------+

Top non-repeatable levels by time:
     D:5: 1763 daAuts
     D:6: 1678 daAuts
     D:2: 1364 daAuts
     D:3: 1331 daAuts
     D:1: 1281 daAuts
     D:4: 1035 daAuts
     D:7: 698 daAuts
  Temple: 148 daAuts
